 Dungeon Crawl Stone Soup version 0.23-a0-296-ga3b1b28 (webtiles) character file.

114 mhoghedin the Ducker (level 4, -9/29 HPs)
             Began as a Tengu Monk on Oct 5, 2018.
             Mangled by Crazy Yiuf
             ... wielding a +2 quarterstaff of chaos
              (11 damage)
             ... on level 3 of the Dungeon.
             The game lasted 00:02:35 (2366 turns).

mhoghedin the Ducker (Tengu Monk)                   Turns: 2366, Time: 00:02:36

Health: -9/29      AC:  7    Str: 12    XL:     4   Next: 98%
Magic:  3/5        EV: 15    Int: 11    God:
Gold:   101        SH:  0    Dex: 16    Spells: 3/3 levels left

rFire    . . .     SeeInvis .     - Unarmed
rCold    . . .     Gourm    .   (no shield)
rNeg     . . .     Faith    .   a - +0 robe
rPois    +         Spirit   .   (helmet restricted)
rElec    .         Reflect  .   q - scarf {cloud immunity}
rCorr    .         Harm     .   d - +0 pair of gloves
MR       .....                  (boots unavailable)
Stlth    ++........             (no amulet)
HPRegen  0.09/turn              f - +4 ring of protection
MPRegen  0.09/turn              p - ring of poison resistance {rPois, !d}

@: no status effects
A: beak, talons 3
a: no special abilities


You were on level 3 of the Dungeon.
You were near starving.

You visited 1 branch of the dungeon, and saw 3 of its levels.

You collected 101 gold pieces.

Inventory:

Armour
 a - a +0 robe (worn)
 d - a +0 pair of gloves (worn)
   (You found it on level 1 of the Dungeon)
 q - a scarf of cloud immunity (worn)
   (You found it on level 2 of the Dungeon)
Jewellery
 f - a +4 ring of protection (left hand)
   (You found it on level 1 of the Dungeon)
 k - an uncursed ring of positive energy {rN+}
   (You found it on level 2 of the Dungeon)
 p - a ring of poison resistance (right hand) {rPois, !d}
   (You found it on level 2 of the Dungeon)
 r - an uncursed ring of fire {rF+, rC-}
   (You found it on level 3 of the Dungeon)
Scrolls
 c - 2 scrolls of amnesia {unknown}
 e - 7 scrolls of identify {unknown}
 j - a scroll of teleportation {unknown}
 l - 2 scrolls of enchant weapon {unknown}
 n - a scroll of magic mapping {unknown}
 t - a scroll of blinking {unknown}
 w - a scroll of enchant armour {unknown}
Potions
 g - a potion of agility {unknown}
 h - 2 potions of flight {unknown}
 i - 2 potions of heal wounds {unknown}
 m - 2 potions of lignification {unknown}
 o - a potion of mutation {unknown}
 s - a potion of brilliance {unknown}
 v - a potion of ambrosia {unknown}
Comestibles
 b - 6 rations


   Skills:
 + Level 4.0 Fighting
 + Level 4.4 Dodging
 - Level 2.0 Stealth
 + Level 4.3 Unarmed Combat


You had 3 spell levels left.
You didn't know any spells.
Your spell library was empty.

Dungeon Overview and Level Annotations

Branches:
Dungeon (3/15)

Altars:

Annotations:
D:3 Crazy Yiuf


Innate Abilities, Weirdness & Mutations

You have a beak for a mouth.
You have claws for feet.


Message History

a club; a hobgoblin corpse
Found a stone staircase leading down.
l - 2 scrolls labeled SUHAKO QEAKH (gained 1)
Items here: ( ) [[ a stone; a whip; an animal skin; a glowing helmet No target in view!
All of the chunks of flesh in your inventory have rotted away.
There is a stone staircase leading down here.
e - 5 scrolls labeled SAUNGU VUWNITH (gained 1)
A quokka comes into view.
You see here a scroll labeled SAUNGU VUWNITH.
A quokka is nearby!
The quokka bites you but does no damage.
You closely miss the quokka. The quokka barely misses you.
You hit the quokka.
You kill the quokka!
No target in view!
No target in view!
No target in view!
No target in view!
No target in view!
No target in view!
No target in view!
e - 6 scrolls labeled SAUNGU VUWNITH (gained 1)
You are feeling hungry.
Found a stone staircase leading down.
No target in view!
There is a stone staircase leading down here.
e - 7 scrolls labeled SAUNGU VUWNITH (gained 1)
You see here a club.
You see here 8 stones.
b - 5 rations (gained 1)
b - 6 rations (gained 1)
You are feeling very hungry.
No target in view!
You see here a ring mail.
You see here 22 stones.
You see here 24 stones.
There is a shaft here.
Things that are here:
a dagger of venom; an enchanted dagger; a club You see here a stone.
Things that are here:
a dagger; a club You see here a stone.
Things that are here:
a club; a hobgoblin skeleton Partly explored, can't reach some places.
No target in view!
No target in view!
No target in view!
Partly explored, can't reach some places.
Partly explored, can't reach some places.
You hit the fungus but do no damage. You peck the fungus. You hit the fungus.
You claw the fungus. You peck the fungus. You hit the fungus but do no damage.
You hit the fungus but do no damage. You claw the fungus. You hit the fungus.
You punch the fungus! You peck the fungus. You hit the fungus.
You peck the fungus. You hit the fungus. You claw the fungus, but do no damage.
You peck the fungus. You hit the fungus but do no damage.
You peck the fungus, but do no damage. You hit the fungus but do no damage.
You claw the fungus, but do no damage. You punch the fungus!
You destroy the fungus!
Partly explored, unopened runed door.
You open the door.
Crazy Yiuf the Enlightened comes into view.
He is wielding a quarterstaff of Crazy Yiuf shouts!
There is an open door here.
Crazy Yiuf cries, "Papa pizzabubble sanguine!"
Crazy Yiuf barely misses you.
You are near starving!
You barely miss Crazy Yiuf. You claw Crazy Yiuf.
Crazy Yiuf hits you with a quarterstaff of chaos.
You feel your power leaking away.
You take 4 damage, and have 25/29 hp.
You now have 3/5 mp.
You hit Crazy Yiuf. Crazy Yiuf closely misses you.
You hit Crazy Yiuf. Your kick misses Crazy Yiuf.
Crazy Yiuf grits, "Adder seventy senile!"
Crazy Yiuf barely misses you.
You hit Crazy Yiuf but do no damage. You peck Crazy Yiuf, but do no damage.
Crazy Yiuf says, "I'm not crazy!"
Crazy Yiuf hits you with a quarterstaff of chaos!
Crazy Yiuf freezes you.
You take 12 damage, and have 13/29 hp.
MASSIVE DAMAGE!!
You hit Crazy Yiuf. Your kick misses Crazy Yiuf.
You hit Crazy Yiuf but do no damage.
Crazy Yiuf hits you with a quarterstaff of chaos!
* * * LOW HITPOINT WARNING * * *
Crazy Yiuf burns you.
* * * LOW HITPOINT WARNING * * *
You take 11 damage, and have 2/29 hp.
MASSIVE DAMAGE!!
You barely miss Crazy Yiuf. You claw Crazy Yiuf, but do no damage.
Crazy Yiuf barely misses you.
You barely miss Crazy Yiuf. You claw Crazy Yiuf, but do no damage.
Crazy Yiuf hits you with a quarterstaff of chaos!
You die...

######...#
##.##
.........#
###...#######
#######[.#
#...#.......#
#(.#
###########.#
####..# #.#
#.....# #####
#.# #.###.#
#)..# #.# #.#
#.# #.g.# #.#
#.# #.# #.@.#
#.# #.# #.#
##'## #.# #.#
#.# ♣.♣♣ #.#
#.# #.# ♣♣.♣
#.# #.# #.#
♣.♣♣ ##.#
####.###.##
♣♣.♣ #..#
..........#
♣♣.♣♣ #.##
####.###..#
♣♣.P.♣ #.#
#.# #..#
♣.PPP♣ #.#


You could see Crazy Yiuf.

Vanquished Creatures
  Robin (D:3)
  3 adders
  2 worms
  3 dart slugs
  3 leopard geckos
  8 bats
  A giant cockroach (D:1)
  11 goblins
  10 hobgoblins
  2 quokkas (D:3)
  3 frilled lizards
  3 kobolds (D:1)
  9 rats
  A fungus (D:3)
60 creatures vanquished.

Notes
Turn   | Place    | Note
-------+----------+-------------------------------------------
     0 | D:1      | mhoghedin the Tengu Monk began the quest for the Orb.
     0 | D:1      | Reached XP level 1. HP: 14/14 MP: 2/2
   159 | D:1      | Reached XP level 2. HP: 11/19 MP: 3/3
   690 | D:1      | Reached XP level 3. HP: 21/23 MP: 4/4
  1066 | D:2      | Reached skill level 4 in Dodging
  1066 | D:2      | Reached skill level 4 in Unarmed Combat
  1141 | D:2      | Reached XP level 4. HP: 28/28 MP: 5/5
  1417 | D:2      | You fall through a shaft!
  1734 | D:3      | Noticed Robin
  1740 | D:3      | Killed Robin
  1865 | D:3      | Reached skill level 4 in Fighting
  2352 | D:3      | Found a runed door.
  2356 | D:3      | Noticed Crazy Yiuf
  2364 | D:3      | HP: 3/29 [Crazy Yiuf/quarterstaff of chaos (10)]
  2366 | D:3      | Mangled by Crazy Yiuf

Vault maps used:
D:1:      co_arrival_square_in_a_square_in_a_square
D:2:      mrwooster_statue_mirror
D:3:      uniq_robin, uniq_crazy_yiuf_cottage

Skill      XL: |  1  2  3  4 |
---------------+-------------+-----
Dodging        | 4 |  4.4
Unarmed Combat | 4 |  4.3
Fighting       | 4 |  4.0
Stealth        | |  2.0

Action                   |  1- 3 |  4- 6 || total
-------------------------+-------+-------++-------
Melee: Unarmed           |    66 |    88 ||   154
       Kick              |    22 |    21 ||    43
       Peck              |     7 |    16 ||    23
 Stab: Sleeping          |     3 |     6 ||     9
       Distracted        |     1 |       ||     1
  Eat: Chunk             |     1 |     2 ||     3
Armor: Robe              |    18 |    16 ||    34
Dodge: Dodged            |    53 |    43 ||    96

Table legend:
 A = Non-vault XP
 B = Vault XP
 C = Vault XP percentage of total XP
 D = Non-vault monster count
 E = Vault monster count
 F = Vault count percentage of total count
                 A         B        C        D         E       F
            +---------+---------+-------+---------+---------+-------
      Total |     137 |      27 |  16.5 |      52 |       7 |  11.9
            +---------+---------+-------+---------+---------+-------
        D:1 |      36 |       0 |   0.0 |      18 |       0 |   0.0
        D:2 |      54 |       0 |   0.0 |      16 |       0 |   0.0
        D:3 |      47 |      27 |  36.5 |      18 |       7 |  28.0
            +---------+---------+-------+---------+---------+-------

Vault maps used:
D:1:      co_arrival_square_in_a_square_in_a_square
D:2:      mrwooster_statue_mirror
D:3:      uniq_robin, uniq_crazy_yiuf_cottage

Table legend:
 A = Turns spent in this place as a percentage of turns spent in the entire game.
 B = Non-inter-level travel turns spent in this place as a percentage of non-inter-level travel turns spent in the entire game.
 C = Inter-level travel turns spent in this place as a percentage of turns spent in this place.
 D = Turns resting spent in this place as a percentage of non-inter-level travel turns spent in this place.
 E = Turns spent auto-exploring this place as a percentage of non-inter-level travel turns spent in this place.
 F = Non-inter-level travel turns spent in this place divided by the number of levels of this place that you've seen.
                   A       B       C       D       E      F
               +-------+-------+-------+-------+-------+----------------------
         Total | 100.0 | 100.0 |   0.3 |  15.7 |  67.0 | 786.0
       Dungeon | 100.0 | 100.0 |   0.3 |  15.7 |  67.0 | 786.0
               +-------+-------+-------+-------+-------+----------------------

Table legend:
 A = Kills in this place as a percentage of kills in entire the game.
 B = Kills by you in this place as a percentage of kills by you in the entire game.
 C = Kills by friends in this place as a percentage of kills by friends in the entire game.
 D = Other kills in this place as a percentage of other kills in the entire game.
 E = Experience gained in this place as a percentage of experience gained in the entire game.
 F = Experience gained in this place divided by the number of levels of this place that you have seen.
                   A       B       C       D       E      F
               +-------+-------+-------+-------+-------+----------------------
         Total | 100.0 | 100.0 |   N/A |   N/A | 100.0 |  54.7
       Dungeon | 100.0 | 100.0 |   N/A |   N/A | 100.0 |  54.7
               +-------+-------+-------+-------+-------+----------------------
